 Dungeon Crawl Stone Soup version 0.30-a0-603-g51a0fb1b98 (webtiles) character file.

Game seed: 13126679508272981293

459 kae the Changer (level 6, 0/43 HPs)
             Began as a Demonspawn Transmuter on Jan 7, 2023.
             Killed by divine providence
             ... invoked by an orc priest
              (12 damage)
             ... on level 4 of the Dungeon.
             The game lasted 00:03:10 (3692 turns).

kae the Changer (Demonspawn Transmuter)             Turns: 3692, Time: 00:03:11

Health: 0/43       AC:  3    Str: 11    XL:     6   Next: 78%
Magic:  7/11       EV: 12    Int: 16    God:
Gold:   217        SH:  0    Dex: 15    Spells: 2/12 levels left

rFire   . . .      SeeInvis .      - Unarmed
rCold   . . .      Faith    .    (no shield)
rNeg    . . .      Spirit   .    a - +0 robe
rPois   .          Reflect  .    (no helmet)
rElec   .          Harm     .    t - +0 cloak
rCorr   .          Rampage  .    (no gloves)
Will    .....                    (no boots)
Stlth   ++                       (no amulet)
HPRegen 0.27/turn                (no ring)
MPRegen 0.12/turn                (no ring)

@: very slightly contaminated
A: thin skeletal structure 1, demonic guardian 2
a: no special abilities


You were on level 4 of the Dungeon.
You visited 1 branch of the dungeon, and saw 4 of its levels.

You collected 217 gold pieces.


Innate Abilities, Weirdness & Mutations

You have a somewhat thin skeletal structure. (Dex +2, Stealth+)
A demonic guardian rushes to your aid.


   Skills:
 - Level 1.0 Fighting
 - Level 1.7 Dodging
 + Level 4.1 Unarmed Combat
 + Level 3.6 Spellcasting
 * Level 4.8 Transmutations
 * Level 0.4 Ice Magic
 - Level 1.0 Poison Magic


You had 2 spell levels left.
You knew the following spells:

 Your Spells              Type           Power      Damage    Failure   Level
a - Beastly Appendage     Tmut           36%        N/A       2%          1
b - Wereblood             Tmut           18%        N/A       3%          2
c - Spider Form           Tmut/Pois      12%        N/A       16%         3
d - Ice Form              Ice/Tmut       11%        N/A       52%         4

Your spell library contained the following spells:

 Spells                   Type           Power      Damage    Failure   Level
 Magic Dart               Conj           8%         1d3       19%         1
 Call Imp                 Summ           2%         N/A       26%         2
 Ignite Poison            Fire/Tmut/Pois 9%         N/A       24%         3
 Mephitic Cloud           Conj/Pois/Air  3%         N/A       43%         3
 Sticky Flame             Conj/Fire      2%         2d3       87%         4
 Ignition                 Fire           1%         3d3       100%        8

Inventory:

Missiles
 f - 63 stones
 n - 4 poisoned darts
Armour
 a - a +0 robe (worn)
 t - a +0 cloak (worn)
   (You took it off Crazy Yiuf on level 3 of the Dungeon)
Jewellery
 L - a ring of flight
   (You found it on level 3 of the Dungeon)
Wands
 r - a wand of flame (4)
   (You took it off Crazy Yiuf on level 3 of the Dungeon)
Scrolls
 d - 4 scrolls of identify {@r1}
 e - a scroll of magic mapping {unknown}
 g - 4 scrolls of blinking {unknown}
 h - a scroll of vulnerability {unknown}
 i - 4 scrolls of teleportation {@r4}
 o - 3 scrolls of enchant weapon {unknown}
 q - a scroll of butterflies {unknown}
Potions
 b - 6 potions of lignification {!q}
 c - 2 potions of curing {@q1}
 j - a potion of invisibility {unknown}
 k - a potion of mutation {unknown}
 l - a potion of flight {unknown}
 m - a potion of degeneration {unknown}
 p - a potion of ambrosia {unknown}
 s - a potion of attraction {unknown}

Dungeon Overview and Level Annotations

Branches:
Dungeon (4/15) Zot: 20313
 Temple: D:4-7

Altars:
Makhleb
Xom

##+# #..#
#..#####
#..##..#
#..@...#
#..##..#
#..##.<#
###..##..#
#....##..##
#o######..#
#.##..$##.#
#.#.8$8o#.#
#.'...oo###


You could see an orc priest.


Message History

Unknown command.
You start resting.
Your transformation has ended.
Your +0 robe unmelds from your body. 😮 HP[+1] MP[+1]
Things that are here:
a +2 quarterstaff of chaos; a +0 cloak; the gnoll corpse of Crazy Yiuf 😮 HP[+1]
t - a +0 cloak You start putting on your armour.
You continue putting on your +0 cloak. x4
You finish putting on your +0 cloak. 😕 HP[+1] MP[+1]
Your mp is fully restored (11).
Done exploring. 😕 HP[+3]
You regained 3 hp, and now have 36/43 hp.
Done exploring.
Done exploring.
(D) Dungeon
Where to? (Enter - D:3, ? - help)
There is an open translucent door here.
There is a stone staircase leading down here.
You climb downwards.
There is a stone staircase leading up here. 😎 HP[+7]
Your hp is fully restored (43).
An adder comes into view.
An adder is nearby!
An adder is nearby!
Casting: Spider Form (dangerous; 16% risk of failure)
Confirm with . or Enter, or press ? or * to list all spells.
You grow a pair of large bovine horns.
Your feet morph into talons.
The adder hisses angrily. 😎 MP[-1]
You lost 1 mp, and now have 10/11 mp.
You miss the adder. Your kick misses the adder.
The adder bites you but does no damage. The adder bites you.
You hit the adder. Your headbutt misses the adder.
The adder misses you. 😕 HP[-1]
You take 1 damage, and now have 42/43 hp.
You hit the adder but do no damage. The adder bites you.
You hit the adder. Your headbutt misses the adder. The adder bites you.
You are poisoned.
The adder poisons you! 😕 HP[-2]
You take 2 damage, and now have 40/43 hp.
You hit the adder.
You feel sick. The adder bites you.
You barely miss the adder. You claw the adder.
You feel sick.
The adder barely misses you. x2 😕 HP[-4] MP[+1]
You take 4 damage, and now have 36/43 hp.
Your mp is fully restored (11).
You closely miss the adder. Your kick misses the adder.
Your headbutt misses the adder.
You feel sick. The adder closely misses you.
You closely miss the adder. Your headbutt misses the adder.
You feel sick. The adder bites you. 😕 HP[-2]
You take 2 damage, and now have 34/43 hp.
Unknown command.
You closely miss the adder. You headbutt the adder.
You kill the adder!
Your transformation is almost over.
You feel sick.
You are no longer poisoned. 😕 HP[-1]
You take 1 damage, and now have 33/43 hp. 😕 HP[+1] 😕 HP[+1]
Your horns disappear.
Your talons disappear.
You open the door.
An orc priest comes into view. It is wielding a +0 whip.
Found 45 gold pieces.
Found a roughly hewn altar of Beogh.
An orc and an orc priest come into view.
The orc priest shouts!
There is an open door here. 😕 HP[+1]
The orc priest shouts!
The orc priest mumbles some strange prayers to Beogh against you.
Beogh smites you! 😮 HP[-10]
You take 10 damage, and now have 26/43 hp.
MASSIVE DAMAGE!! (PAUSE)
Casting: Beastly Appendage (safe; 2% risk of failure)
Confirm with . or Enter, or press ? or * to list all spells.
The spell is extremely dangerous to miscast (52% risk of failure)!
Continue anyway? [Y]es or [N]o only, please.
The spell is extremely dangerous to miscast (52% risk of failure)!
Continue anyway?
You miscast Ice Form.
You are very lightly contaminated with residual magic.
You are covered in a thin layer of ice!
* * * LOW HITPOINT WARNING * * *
😱 HP[-16] MP[-4]
You take 16 damage, and now have 10/43 hp.
MASSIVE DAMAGE!! (PAUSE)
You lost 4 mp, and now have 7/11 mp. 😨 HP[+1] 😨 HP[+1]
The orc priest calls down the wrath of Beogh upon you.
Beogh smites you!
You die...

Skill      XL: |  1  2  3  4  5 |
---------------+----------------+-----
Transmutations | 2 3 4 |  4.8
Unarmed Combat | 3 4 |  4.1
Poison Magic   | 1 |  1.0
Spellcasting   | 3 |  3.6
Fighting       | |  1.0
Dodging        | |  1.7
Ice Magic      | |  0.4

Action                   |  1- 3 |  4- 6 || total
-------------------------+-------+-------++-------
Melee: Unarmed           |    67 |   113 ||   180
       Kick              |    11 |    12 ||    23
       Headbutt          |     5 |    15 ||    20
       Punch             |     1 |     3 ||     4
 Cast: Beastly Appendage |    14 |    22 ||    36
       Spider Form       |     1 |     4 ||     5
       Wereblood         |       |     2 ||     2
  Use: Scroll            |       |     4 ||     4
 Stab: Sleeping          |       |     2 ||     2
Armor: Robe              |    10 |    22 ||    32
       Skin              |     1 |     3 ||     4
Dodge: Dodged            |    41 |    71 ||   112

Levels and vault maps discovered:
D:1:      mushboom_english_gardens, layout_basic
D:2:      layout_basic, moated_statue, minmay_vboxes, uniq_robin, uniq_natasha
D:3:      layout_loops_cross, grunt_temple_overflow_champion_of_chaos,
          minmay_door_square, uniq_grinder, uniq_crazy_yiuf_cottage
D:4:      layout_gridville, nicolae_eternal_life, kennysheep_orc_chapel,
          uniq_menkaure

Notes
Turn   | Place    | Note
-------+----------+-------------------------------------------
     0 | D:1      | kae the Demonspawn Transmuter began the quest for the Orb.
     0 | D:1      | Reached XP level 1. HP: 15/15 MP: 3/3
     0 | D:1      | magus.rc [v1.11.3]
   317 | D:1      | Reached skill level 2 in Transmutations
   391 | D:1      | Gained mutation: A weak demonic guardian rushes to your
                  | aid. [demonic ancestry]
   391 | D:1      | Reached XP level 2. HP: 21/21 MP: 3/5
   415 | D:1      | Learned a level 2 spell: Wereblood
   446 | D:1      | HP: 4/21 [kobold/+0 whip (5)]
   448 | D:1      | HP: 1/21 [kobold/+0 whip (3)]
   926 | D:2      | Noticed Natasha
   930 | D:2      | Noticed a crimson imp
   936 | D:2      | Killed Natasha
   937 | D:2      | Reached skill level 3 in Unarmed Combat
   937 | D:2      | Gained mutation: A demonic guardian rushes to your aid.
                  | [demonic ancestry]
   937 | D:2      | Reached XP level 3. HP: 18/26 MP: 6/6
   941 | D:2      | Learned a level 3 spell: Spider Form
  1248 | D:2      | Noticed Natasha
  1256 | D:2      | HP: 6/26 [Natasha (3)]
  1257 | D:2      | Killed Natasha
  1258 | D:2      | Reached skill level 3 in Transmutations
  1258 | D:2      | Reached XP level 4. HP: 8/32 MP: 3/7
  1663 | D:2      | HP: 8/32 [poisoned by an adder]
  1664 | D:2      | Reached skill level 1 in Poison Magic
  1919 | D:2      | Noticed Robin
  1940 | D:2      | Killed Robin
  1977 | D:2      | You add the spells Ignite Poison, Sticky Flame and Ignition
                  | to your library.
  2000 | D:2      | Reached XP level 5. HP: 37/37 MP: 7/9
  2400 | D:2      | Noticed Natasha
  2407 | D:2      | Killed Natasha
  2408 | D:2      | Reached skill level 3 in Spellcasting
  2677 | D:3      | Noticed Grinder
  2689 | D:3      | Killed Grinder
  2690 | D:3      | Reached skill level 4 in Unarmed Combat
  2690 | D:3      | Reached skill level 4 in Transmutations
  2690 | D:3      | Gained mutation: You have a somewhat thin skeletal
                  | structure. (Dex +2, Stealth+) [demonic ancestry]
  2690 | D:3      | Reached XP level 6. HP: 23/43 MP: 7/11
  3114 | D:3      | You pick up a book of Minor Magic and begin reading...
  3114 | D:3      | You add the spells Magic Dart, Call Imp and Mephitic Cloud
                  | to your library.
  3234 | D:3      | Found a burning altar of Makhleb.
  3234 | D:3      | Found a shimmering altar of Xom.
  3453 | D:3      | Learned a level 4 spell: Ice Form
  3480 | D:3      | Found a runed translucent door.
  3481 | D:3      | Noticed Crazy Yiuf
  3578 | D:3      | Killed Crazy Yiuf
  3686 | D:4      | HP: 10/43 [something (16)]
  3692 | D:4      | Killed from afar by an orc priest

Vanquished Creatures
  A crimson imp (D:3)
  Crazy Yiuf (D:3)
  Natasha (twice) (D:2)
  Robin (D:2)
  3 adders
  3 worms (D:2)
  An orc (D:3)
  5 endoplasms
  6 giant cockroaches
  6 goblins
  8 hobgoblins (D:2)
  5 jackals (D:2)
  3 quokkas
  4 ball pythons
  4 bats
  5 frilled lizards
  3 kobolds (D:1)
  A rat (D:2)
62 creatures vanquished.

Vanquished Creatures (collateral kills)
  Grinder (D:3)
  Natasha (D:2)
  An adder (D:2)
  A dart slug (D:2)
  2 endoplasms (D:2)
  2 giant cockroaches (D:2)
  A goblin (D:2)
  2 hobgoblins (D:2)
  A ball python (D:2)
12 creatures vanquished.

Grand Total: 74 creatures vanquished

Table legend:
 A = Non-vault XP
 B = Vault XP
 C = Vault XP percentage of total XP
 D = Non-vault monster count
 E = Vault monster count
 F = Vault count percentage of total count
                 A         B        C        D         E       F
            +---------+---------+-------+---------+---------+-------
      Total |     204 |     453 |  68.9 |      51 |      23 |  31.1
            +---------+---------+-------+---------+---------+-------
        D:1 |      21 |       0 |   0.0 |      13 |       0 |   0.0
        D:2 |     143 |      93 |  39.4 |      29 |      20 |  40.8
        D:3 |      27 |     360 |  93.0 |       8 |       3 |  27.3
        D:4 |      13 |       0 |   0.0 |       1 |       0 |   0.0
            +---------+---------+-------+---------+---------+-------

Illustrated notes

Table legend:
 A = Kills in this place as a percentage of kills in entire the game.
 B = Kills by you in this place as a percentage of kills by you in the entire game.
 C = Kills by friends in this place as a percentage of kills by friends in the entire game.
 D = Other kills in this place as a percentage of other kills in the entire game.
 E = Experience gained in this place as a percentage of experience gained in the entire game.
 F = Experience gained in this place divided by the number of levels of this place that you have seen.
                   A       B       C       D       E      F
               +-------+-------+-------+-------+-------+----------------------
         Total | 100.0 | 100.0 | 100.0 |   N/A | 100.0 | 164.2
       Dungeon | 100.0 | 100.0 | 100.0 |   N/A | 100.0 | 164.2
               +-------+-------+-------+-------+-------+----------------------

Table legend: (Time is in decaauts)
 A = Elapsed time spent in this place.
 B = Non-inter-level travel time spent in this place.
 C = Inter-level travel time spent in this place.
 D = Time resting spent in this place.
 E = Time spent auto-exploring this place.
 F = Levels seen in this place.
 G = Mean time per level.
                   A        B        C        D        E       F      G
               +--------+--------+--------+--------+--------+-----+--------+
         Total |   3686 |   3487 |    199 |    113 |   2842 |   4 |  921.5 |
       Dungeon |   3686 |   3487 |    199 |    113 |   2842 |   4 |  921.5 |
               +--------+--------+--------+--------+--------+-----+--------+

Top non-repeatable levels by time:
     D:2: 1656 daAuts
     D:3: 1064 daAuts
     D:1: 924 daAuts
     D:4: 40 daAuts
